Map: Oceanborn LE

Players

Subwayeatn

  • Race: Zerg Zerg
  • League: Platinum
  • Spawn Location: 5:00

Boris - Winner!

  • Race: Protoss Protoss
  • League: Silver
  • Spawn Location: 11:00

VOD

Have the link to the VOD?

Description

Time

  • Played on: Nov. 4, 2023, 5:43 p.m.
  • Length: 9:17
Show
View Real Time Build Order
Export as new Build Order

Subwayeatn Zerg 

Build Orders: Pool First 

Get SALT Encoding   

  12  0:00  Drone  
  13  0:13  Overlord  
  13  0:18  Drone  
  14  0:31  Drone  
  14  0:32  Drone  
  14  0:35  Drone  
  17  0:45  Drone  
  17  0:48  Extractor  
  17  0:50  Spawning Pool  
  16  1:26  Hatchery  
  15  1:38  Zergling x4  
  17  1:43  Queen  
  19  1:48  Metabolic Boost  
  19  1:54  Drone  
  20  2:02  Overlord  
  20  2:31  Zergling x6  
  23  2:53  Queen  
  25  3:05  Spine Crawler x2  
  24  3:10  Drone x5  
  24  3:11  Drone  
  29  3:27  Drone x3  
  32  3:35  Queen  
  29  4:12  Lair  
  28  4:29  Drone x8  
  28  4:30  Roach Warren  
  35  4:43  Extractor  
  33  4:51  Extractor  
  31  4:54  Evolution Chamber  
  30  5:02  Overlord x4, Hatchery  
  29  5:19  Glial Reconstitution  
  29  5:21  Zerg Missile Weapons Level 1  
  29  5:24  Burrow  
  29  5:26  Drone x2  
  31  5:28  Drone  
  32  5:40  Queen  
  34  5:51  Drone x5  
  34  5:54  Drone  
  37  6:14  Roach  
  37  6:15  Roach x5  
  46  6:22  Roach x2  
  49  6:38  Tunneling Claws  
  48  6:47  Roach x2  
  50  6:58  Roach x9  
  50  7:01  Drone x9  
  53  7:03  Drone x2  
  56  7:11  Roach x5  
  54  7:19  Roach  
  54  7:26  Zergling x6  
  54  7:27  Zergling x10  
  62  7:34  Roach x2  
  62  7:40  Queen  
  62  7:41  Overlord  
  62  7:42  Overlord  
  64  7:57  Overlord x2  
  64  8:01  Roach  
  64  8:03  Overlord  
  64  8:20  Roach x9  
  64  8:27  Roach  
  64  8:28  Roach x2  
  70  8:34  Zergling x6  
  70  8:35  Zergling x16  
  78  8:56  Zergling x2  
  78  8:57  Zergling x14  
Show
View Real Time Build Order
Export as new Build Order

Boris Protoss - Winner!

Build Orders:  

Get SALT Encoding   

  12  0:00  Probe  
  13  0:12  Probe  
  14  0:20  Pylon  
  14  0:24  Probe  
  15  0:38  Gateway, Probe (Chrono Boost)  
  16  0:45  Assimilator  
  17  0:50  Probe (Chrono Boost)  
  17  0:55  Probe (Chrono Boost)  
  18  1:04  Probe  
  19  1:14  Pylon  
  19  1:17  Probe  
  20  1:29  Probe  
  20  1:36  Zealot (Chrono Boost)  
  22  1:41  Cybernetics Core, Probe  
  22  1:43  Pylon  
  23  1:53  Assimilator  
  23  2:05  Nexus  
  23  2:09  Probe  
  24  2:19  Adept  
  24  2:21  Warp Gate (Chrono Boost)  
  24  2:22  Probe  
  27  2:31  Gateway  
  27  2:36  Probe  
  28  2:49  Probe  
  29  2:53  Adept  
  31  2:59  Pylon  
  31  3:03  Pylon  
  31  3:11  Twilight Council  
  31  3:16  Probe  
  31  3:18  Probe  
  33  3:28  Probe  
  33  3:29  Adept  
  33  3:30  Probe  
  33  3:31  Adept  
  39  3:40  Probe  
  40  3:42  Probe  
  39  4:03  Pylon  
  39  4:06  Probe x2  
  39  4:18  Probe x2  
  39  4:23  Stalker  
  43  4:25  Adept  
  43  4:30  Probe x2  
  47  4:31  Resonating Glaives (Chrono Boost)  
  47  4:39  Pylon  
  47  4:42  Probe (Chrono Boost)  
  47  4:43  Probe (Chrono Boost)  
  47  4:51  Assimilator  
  45  4:53  Assimilator  
  45  4:54  Probe (Chrono Boost)  
  47  5:01  Probe (Chrono Boost)  
  47  5:02  Adept x2  
  51  5:08  Gateway  
  51  5:09  Gateway  
  51  5:10  Nexus  
  51  5:13  Templar Archives  
  51  5:16  Gateway  
  51  5:17  Probe  
  51  5:18  Probe  
  53  5:28  Adept  
  53  5:29  Probe  
  53  5:30  Probe  
  53  5:31  Adept  
  59  5:41  Probe  
  60  5:43  Pylon  
  60  5:44  Probe  
  60  5:47  Forge  
  61  5:53  Probe  
  61  5:56  Probe  
  63  6:05  Probe  
  63  6:08  Probe  
  65  6:17  Probe  
  66  6:20  Probe  
  67  6:29  Adept x5  
  67  6:30  Probe  
  67  6:31  Shield Battery  
  67  6:32  Probe  
  79  6:42  Probe  
  79  6:44  Probe  
  77  6:49  Shield Battery  
  77  6:54  Probe  
  78  6:56  Probe  
  78  7:01  Stalker x5  
  79  7:04  Robotics Facility  
  79  7:06  Robotics Facility, Probe  
  84  7:08  Probe  
  84  7:09  Probe  
  86  7:16  Photon Cannon  
  86  7:18  Probe  
  86  7:20  Probe  
  86  7:21  Probe  
  89  7:27  Photon Cannon  
  89  7:28  Pylon  
  89  7:30  Probe  
  89  7:34  Stalker x4  
  89  7:35  Stalker  
  100  7:38  Assimilator  
  100  7:42  Assimilator  
  100  7:49  Psionic Storm  
  100  7:51  Pylon  
  100  7:55  Nexus  
  100  7:59  Pylon  
  100  8:01  Pylon  
  100  8:03  Pylon  
  100  8:08  High Templar x4  
  100  8:10  High Templar  
  110  8:14  Observer x2  
  110  8:19  Photon Cannon  
  112  8:22  Photon Cannon  
  112  8:23  Shield Battery  
  112  8:27  Probe x3  
  113  8:52  High Templar x5  
  123  9:01  Pylon  
Tags
 
Matchup
PvZ
Opening
Pool First
Replay Pack
Multiplayer
Spawn Locations
Cross Positions
Add a new tag
Caveats
  • Supply blocks, unpowered buildings, or Contaminate may cause inaccurate times.
  • Supply counts are checked every 10 seconds.